 Dungeon Crawl Stone Soup version 0.19-a0-414-g76fec5b (webtiles) character file.

301 Skanax the Grave Robber (level 6, -5/42 HPs)
             Began as a Demonspawn Necromancer on May 31, 2016.
             Was an Initiate of Sif Muna.
             Killed from afar by an orc wizard (11 damage)
             ... with a puff of flame
             ... on level 5 of the Dungeon.
             The game lasted 00:28:52 (3608 turns).

Skanax the Grave Robber (Demonspawn Necromancer)    Turns: 3608, Time: 00:28:53

Health: -5/42      AC:  3    Str:  8    XL:     6   Next: 14%
Magic:  7/11       EV: 14    Int: 19    God:    Sif Muna [......]
Gold:   164        SH:  0    Dex: 13    Spells: 3 memorised, 7 levels left

rFire  . . .     SeeInvis .     u - +0 quarterstaff (drain)
rCold  . . .     Gourm    .     a - +0 robe
rNeg   + . .     Faith    .     (shield currently unavailable)
rPois  .         Spirit   .     (helmet restricted)
rElec  .         Dismiss  .     t - +0 cloak
rCorr  .         Reflect  .     (no gloves)
SustAt .         Harm     .     (no boots)
MR     .....                    (no amulet)
Stlth  ++........               (no ring)
                                h - ring of positive energy

@: very slightly contaminated, hasted, very quick, not resistant to hostile
enchantments, unstealthy
A: horns 1, repulsion field 1, demonic guardian 1, powered by pain 1
a: Renounce Religion


You were on level 5 of the Dungeon.
You worshipped Sif Muna.
Sif Muna was noncommittal.
You were not hungry.

You visited 1 branch of the dungeon, and saw 5 of its levels.

You collected 164 gold pieces.

Inventory:

Hand Weapons
 d - a +0 mace
 l - a +0 hunting sling
 u - a +0 quarterstaff of draining (weapon)
 y - a +1 hunting sling of flaming
Missiles
 e - 174 stones (quivered)
 j - 88 sling bullets
 q - 28 bolts
 w - 6 needles of sleeping
 B - 2 tomahawks
Armour
 a - a +0 robe (worn)
 p - a +0 animal skin
 t - a +0 cloak (worn)
Magical Staves
 E - an uncursed staff of fire
Jewellery
 h - a ring of positive energy (left hand)
Wands
 C - a wand of iceblast (8/15)
Scrolls
 k - 5 scrolls of remove curse
 o - 3 scrolls of teleportation
 v - a scroll of fear
 x - 2 scrolls of immolation
 D - a scroll of recharging
Potions
 f - a potion of haste
 i - 3 potions of curing {unknown}
 m - a potion of cure mutation {unknown}
 r - a potion of brilliance {unknown}
 s - a potion of ambrosia {unknown}
Books
 b - a book of Necromancy

   Spells                             Type                      Level
   a - Pain                           Necromancy                   1
   b - Animate Skeleton               Necromancy                   1
   c - Vampiric Draining              Necromancy                   3
   d - Regeneration                   Charms/Necromancy            3
   e - Animate Dead                   Necromancy                   4
   f - Control Undead                 Necromancy                   4
Comestibles
 c - 3 bread rations
 g - a slice of pizza
 z - a meat ration


   Skills:
 + Level 0.8 Fighting
 + Level 1.7 Slings
 + Level 1.8 Dodging
 + Level 2.3 Stealth
 + Level 3.9 Spellcasting
 + Level 6.1 Necromancy


You had 7 spell levels left.
You knew the following spells:

 Your Spells              Type           Power        Failure   Level  Hunger
a - Pain                  Necr           ####         1%          1    None
b - Animate Skeleton      Necr           N/A          1%          1    None
c - Vampiric Draining     Necr           ####......   3%          3    ###....


Dungeon Overview and Level Annotations

Branches:
Dungeon (5/15)
 Temple: D:4-7

Altars:
Ashenzari
Cheibriados
Gozag
Hepliaklqana
Kikubaaqudgha
Nemelex Xobeh
Qazlal
Sif Muna
Trog
Xom


Innate Abilities, Weirdness & Mutations

You have a pair of small horns on your head.
You are surrounded by a mild repulsion field. (EV +2)
A weak demonic guardian rushes to your aid.
You sometimes gain a little power by taking damage.


Message History

You hit the adder zombie. Your headbutt misses the adder zombie.
The adder zombie bites you but does no damage.
The adder zombie misses you.
You hit the adder zombie. You headbutt the adder zombie.
The adder zombie bites you.
* * * LOW HITPOINT WARNING * * *
It was a potion of haste.
You feel yourself speed up. The adder zombie bites you.
* * * LOW HITPOINT WARNING * * *
You are very lightly contaminated with residual magic. 2 orc wizards come into view.
The orc wizard shouts!
A gnoll and an orc come into view.
The adder zombie barely misses you.
All of the chunks of flesh in your inventory have rotted away.
A worker ant and a gnoll sergeant come into view.
The adder zombie barely misses you. The orc wizard casts a spell at you.
The puff of flame hits you!
You die...

#. ....##...... .#
...........
...........g..
#.........a...
#..##....g....
##.##.##.........
................. #.
#(.@..5..o...
#####.##.##Z........
#...............o...
#####....##..#......
#.##.##..#......
#.##.##..#......
#.##.....# .....
#.##.##.##......
#.#.............


You could see a gnoll sergeant, a worker ant, an orc wizard, a gnoll, an orc, an
adder zombie and a friendly iron imp.

Vanquished Creatures
  A hound (D:4)
  A jelly (D:5)
  3 orc wizards (D:4)
  A centaur skeleton (D:5)
  Ijyb (D:2)
  5 adders
  A worm (D:2)
  2 dart slugs
  3 giant geckos
  3 orcs
  2 ball pythons
  5 giant cockroaches
  6 goblins
  4 hobgoblins
  3 quokkas (D:4)
  4 bats
  7 giant newts
  8 kobolds
  6 rats
66 creatures vanquished.

Vanquished Creatures (collateral kills)
  An ooze (D:1)
  A giant gecko skeleton (D:3)
  A rat (D:1)
3 creatures vanquished.

Grand Total: 69 creatures vanquished

Notes
Turn   | Place    | Note
--------------------------------------------------------------
     0 | D:1      | Skanax the Demonspawn Necromancer began the quest for the Orb.
     0 | D:1      | Reached XP level 1. HP: 13/13 MP: 3/3
     3 | D:1      | Learned a level 1 spell: Animate Skeleton
   288 | D:1      | Gained mutation: A weak demonic guardian rushes to your aid. [demonic ancestry]
   288 | D:1      | Reached XP level 2. HP: 15/19 MP: 0/5
   822 | D:1      | Reached skill level 5 in Necromancy
   981 | D:2      | Found an opulent altar of Gozag.
   992 | D:2      | Gained mutation: You have a pair of small horns on your head. [demonic ancestry]
   992 | D:2      | Reached XP level 3. HP: 24/24 MP: 4/6
   999 | D:2      | Learned a level 3 spell: Vampiric Draining
  1014 | D:2      | Found a sparkling altar of Nemelex Xobeh.
  1035 | D:2      | Found a stormy altar of Qazlal.
  1048 | D:2      | Found a deep blue altar of Sif Muna.
  1103 | D:2      | Found a bloodstained altar of Trog.
  1108 | D:2      | Noticed Ijyb
  1125 | D:2      | Killed Ijyb
  1140 | D:2      | Reached skill level 1 in Slings
  1239 | D:2      | Found an opulent altar of Gozag.
  1292 | D:2      | Became a worshipper of Sif Muna the Loreminder
  1351 | D:2      | Gained mutation: You are surrounded by a mild repulsion field. (EV +2) [demonic ancestry]
  1351 | D:2      | Reached XP level 4. HP: 30/30 MP: 5/7
  1403 | D:2      | Found a faded altar of an unknown god.
  1642 | D:2      | Found a shimmering altar of Xom.
  1643 | D:2      | Found a shimmering altar of Xom.
  1643 | D:2      | Found a shimmering altar of Xom.
  1653 | D:2      | Found a shimmering altar of Xom.
  2011 | D:3      | Found a shattered altar of Ashenzari.
  2106 | D:3      | Found an ancient bone altar of Kikubaaqudgha.
  2368 | D:3      | Found a snail-covered altar of Cheibriados.
  2595 | D:4      | Reached XP level 5. HP: 34/36 MP: 5/9
  2604 | D:4      | Found a hazy altar of Hepliaklqana.
  3358 | D:4      | Reached skill level 6 in Necromancy
  3466 | D:5      | Entered Level 5 of the Dungeon
  3585 | D:5      | Gained mutation: You sometimes gain a little power by taking damage. [demonic ancestry]
  3585 | D:5      | Reached XP level 6. HP: 40/42 MP: 9/11
  3608 | D:5      | Killed from afar by an orc wizard

Vault maps used:
D:1:      tarquinn_simple_flora_water_d, minmay_door_square
D:2:      xom_redecorated, bloody_trog, nicolae_overflow_quartered_altars,
          ecumenical_altar_2, kennysheep_nub, nicolae_gozag_seed_capital,
          uniq_iyjb
D:3:      kiku_gazebo_pond_becter, old_standard_altar, first_bread,
          ashenzari_altar_1
D:4:      nicolae_overflow_crystal_walls
D:5:      basic_altar, kennysheep_dice

Skill      XL: |  1  2  3  4  5 |
---------------+----------------+-----
Necromancy     | 5 6 |  6.1
Stealth        | 2 |  2.3
Slings         | 1 |  1.7
Spellcasting   | 3 |  3.9
Fighting       | |  0.8
Dodging        | |  1.8

Action                   |  1- 3 |  4- 6 || total
-------------------------+-------+-------++-------
Melee: Mace              |     6 |       ||     6
       Quarterstaff      |       |    15 ||    15
       Headbutt          |       |     3 ||     3
 Fire: Hunting sling     |    38 |    37 ||    75
 Cast: Pain              |    25 |    53 ||    78
       Animate Skeleton  |    10 |    17 ||    27
       Vampiric Draining |       |     4 ||     4
  Use: Scroll            |     4 |     4 ||     8
       Potion            |       |     1 ||     1
  Eat: Bread ration      |     1 |       ||     1
       Chunk             |       |     5 ||     5
Armor: Robe              |     3 |     8 ||    11
Dodge: Dodged            |    17 |    30 ||    47
